[Event "26th Abu Dhabi Master 2019"]
[Site "Abu Dhabi"]
[Date "2019.08.04"]
[Round "4.31"]
[White "Mullick, Raahil"]
[Black "Shevchenko, Kirill"]
[Result "1/2-1/2"]
[ECO "B90"]
[WhiteElo "2211"]
[BlackElo "2536"]
[Annotator "ChessBase"]
[PlyCount "141"]
[EventDate "2019.08.02"]
[EventType "swiss"]
[EventCountry "UAE"]
[SourceTitle "playchess.com"]
[Source "ChessBase"]
[SourceQuality "1"]
[TimeControl "5400+30"]

1. e4 c5 2. Nf3 d6 3. d4 cxd4 4. Nxd4 Nf6 5. Nc3 a6 6. Be3 e5 7. Nb3 Be6 8. f3 h5 9. Nd5 Bxd5 10. exd5 Nbd7 11. Qd2 g6 12. Be2 Bg7 13. O-O b6 14. c4 O-O 15. Rad1 Re8 16. Kh1 Rc8 17. Na1 e4 18. Nc2 exf3 19. gxf3 b5 20. Nd4 Qe7 21. Bg5 bxc4 22. Rfe1 Qf8 23. Nc6 Ne5 24. Rc1 Nxc6 25. dxc6 Rxc6 26. Bxc4 Rxe1+ 27. Qxe1 Qc8 28. Bd3 a5 29. Rd1 Rc5 30. Bf4 Qb7 31. Qe2 d5 32. Re1 Rc6 33. Qd2 Qa7 34. Bb5 Rc8 35. a4 d4 36. Be5 Rd8 37. Rd1 Qb7 38. Qe2 Ng4 39. Bf4 Nf6 40. Rc1 Nd5 41. Bd2 Rd6 42. Bxa5 Re6 43. Qc4 Kh7 44. Bc6 Qxb2 45. Bxd5 Re2 46. Bc7 d3 47. Bg3 Rc2 48. Rxc2 dxc2 49. Bf4 Bh6 50. Be4 Bxf4 51. Qxf7+ Kh8 52. Qf8+ Kh7 53. Qf7+ Kh8 54. Qe8+ Kg7 55. Qxg6+ Kf8 56. Qf5+ Ke7 57. Qc5+ Bd6 58. Qxc2 Qa1+ 59. Qb1 Qxa4 60. Qb7+ Qd7 61. Qd5 Qh3 62. Qg5+ Ke6 63. Qg6+ Ke7 64. Qh7+ Kd8 65. Qh8+ Kc7 66. Qc3+ Kd8 67. Qf6+ Kc7 68. Qf7+ Kd8 69. Qf6+ Kc7 70. Qf7+ Kd8 71. Qf6+ 1/2-1/2

[Event "26th Abu Dhabi Master 2019"]
[Site "Abu Dhabi"]
[Date "2019.08.04"]
[Round "4.32"]
[White "Kiriakov, Petr"]
[Black "Moksh Amit Doshi"]
[Result "1-0"]
[ECO "E35"]
[WhiteElo "2516"]
[BlackElo "2229"]
[Annotator "ChessBase"]
[PlyCount "74"]
[EventDate "2019.08.02"]
[EventType "swiss"]
[EventCountry "UAE"]
[SourceTitle "playchess.com"]
[Source "ChessBase"]
[SourceQuality "1"]
[TimeControl "5400+30"]

1. d4 Nf6 2. c4 e6 3. Nc3 Bb4 4. Qc2 d5 5. cxd5 exd5 6. Bg5 h6 7. Bxf6 Qxf6 8. a3 Bxc3+ 9. Qxc3 O-O 10. e3 Bf5 11. Ne2 c6 12. Ng3 Bg6 13. Be2 Nd7 14. O-O c5 15. Rad1 cxd4 16. Rxd4 Rfc8 17. Qb3 Nb6 18. f4 Bc2 19. Qb4 Qe6 20. Qd2 f5 21. Rc1 Bb3 22. Rxc8+ Rxc8 23. Bd3 g6 24. Ne2 Bc4 25. Nc3 Bxd3 26. Qxd3 Rd8 27. a4 a5 28. Kf2 Rd6 29. b3 Kh7 30. Qb5 Qe7 31. g3 Rc6 32. Nxd5 Rc2+ 33. Kf3 g5 34. fxg5 Qxg5 35. Qxb6 Qh5+ 36. g4 Qh3+ 37. Kf4 Rf2+ {Ke4} 1-0

[Event "26th Abu Dhabi Master 2019"]
[Site "Abu Dhabi"]
[Date "2019.08.04"]
[Round "4.33"]
[White "Kuybokarov, Temur"]
[Black "Srijit Paul"]
[Result "1-0"]
[ECO "D31"]
[WhiteElo "2511"]
[BlackElo "2298"]
[Annotator "ChessBase"]
[PlyCount "67"]
[EventDate "2019.08.02"]
[EventType "swiss"]
[EventCountry "UAE"]
[SourceTitle "playchess.com"]
[Source "ChessBase"]
[SourceQuality "1"]
[TimeControl "5400+30"]

1. d4 d5 2. c4 c6 3. Nc3 e6 4. e4 dxe4 5. Nxe4 Bb4+ 6. Bd2 Qxd4 7. Bxb4 Qxe4+ 8. Be2 Qxg2 9. Bf3 Qg5 10. Ne2 Ne7 11. Rg1 Qf6 12. Nc3 Nf5 13. Ne4 Qe5 14. Qd2 f6 15. O-O-O Kf7 16. Bd6 Qd4 17. Qxd4 Nxd4 18. Rxd4 e5 19. Rd2 Be6 20. Nc5 Bc8 21. Ne4 Be6 22. Ba3 g6 23. Nd6+ Kg7 24. Nxb7 Bxc4 25. Na5 Bf7 26. b3 Rc8 27. Rc2 g5 28. Bg4 Rg8 29. Nxc6 Bg6 30. Rc5 Nxc6 31. Rxc6 f5 32. Be2 Rac8 33. Rc4 g4 34. Rd1 1-0

[Event "26th Abu Dhabi Master 2019"]
[Site "Abu Dhabi"]
[Date "2019.08.04"]
[Round "4.34"]
[White "Vasquez Schroeder, Rodrigo"]
[Black "Aronyak Ghosh"]
[Result "0-1"]
[ECO "A13"]
[WhiteElo "2496"]
[BlackElo "2349"]
[Annotator "ChessBase"]
[PlyCount "66"]
[EventDate "2019.08.02"]
[EventType "swiss"]
[EventCountry "UAE"]
[SourceTitle "playchess.com"]
[Source "ChessBase"]
[SourceQuality "1"]
[TimeControl "5400+30"]

1. c4 e6 2. Nf3 d5 3. d4 c6 4. Qc2 Bd6 5. Bg5 Ne7 6. Nbd2 f6 7. Bh4 Nf5 8. Bg3 Nxg3 9. hxg3 f5 10. e3 Qf6 11. Bd3 g6 12. O-O-O Nd7 13. Kb1 Qe7 14. Nh4 O-O 15. f4 Nf6 16. Ndf3 Bd7 17. Ng5 Qg7 18. Nhf3 h6 19. Nh3 Rfc8 20. c5 Bc7 21. Ne5 Bxe5 22. dxe5 Ng4 23. Rhe1 Qe7 24. Qc3 h5 25. Be2 Nh6 26. Ng5 Nf7 27. Nf3 b6 28. Rc1 Nd8 29. Ba6 Rcb8 30. Nd4 Qxc5 31. Qxc5 bxc5 32. Rxc5 Rb6 33. Be2 Nb7 0-1

[Event "26th Abu Dhabi Master 2019"]
[Site "Abu Dhabi"]
[Date "2019.08.04"]
[Round "4.35"]
[White "Kathmale, Sameer"]
[Black "Sadhwani, Raunak"]
[Result "0-1"]
[ECO "A10"]
[WhiteElo "2326"]
[BlackElo "2477"]
[Annotator "ChessBase"]
[PlyCount "69"]
[EventDate "2019.08.02"]
[EventType "swiss"]
[EventCountry "UAE"]
[SourceTitle "playchess.com"]
[Source "ChessBase"]
[SourceQuality "1"]
[TimeControl "5400+30"]

1. c4 d6 2. g3 e5 3. Bg2 Nc6 4. Nc3 g6 5. Rb1 a5 6. a3 Be6 7. d3 Bg7 8. Nd5 f5 9. e3 Nf6 10. Ne2 O-O 11. O-O Rb8 12. Nec3 Ne7 13. Qa4 c6 14. Nxe7+ Qxe7 15. Qxa5 e4 16. Qb4 exd3 17. Rd1 b5 18. cxb5 c5 19. Qh4 c4 20. b3 Rfc8 21. bxc4 Bxc4 22. Bb2 Qe6 23. a4 h6 24. e4 Ng4 25. exf5 Qxf5 26. Ne4 g5 27. Qh3 d5 28. Bxg7 dxe4 29. Bd4 Be6 30. Qh5 Bf7 31. Qh3 Rc4 32. Ba7 Rb7 33. a5 Rxa7 34. b6 Qxf2+ 35. Kh1 0-1

[Event "26th Abu Dhabi Master 2019"]
[Site "Abu Dhabi"]
[Date "2019.08.04"]
[Round "4.36"]
[White "Zhang, Xiaowen"]
[Black "Costachi, Mihnea"]
[Result "1/2-1/2"]
[ECO "C76"]
[WhiteElo "2318"]
[BlackElo "2471"]
[Annotator "ChessBase"]
[PlyCount "35"]
[EventDate "2019.08.02"]
[EventType "swiss"]
[EventCountry "UAE"]
[SourceTitle "playchess.com"]
[Source "ChessBase"]
[SourceQuality "1"]
[TimeControl "5400+30"]

1. e4 e5 2. Nf3 Nc6 3. Bb5 a6 4. Ba4 d6 5. c3 Bd7 6. d4 g6 7. O-O Bg7 8. h3 Nf6 9. Re1 O-O 10. Nbd2 Re8 11. a3 b5 12. Bb3 Na5 13. Ba2 h6 14. Nf1 Nh5 15. dxe5 dxe5 16. b4 Nb7 17. Be3 Qe7 18. Qc1 1/2-1/2

[Event "26th Abu Dhabi Master 2019"]
[Site "Abu Dhabi"]
[Date "2019.08.04"]
[Round "4.37"]
[White "Vignesh N R"]
[Black "Pranesh M"]
[Result "1-0"]
[ECO "C50"]
[WhiteElo "2466"]
[BlackElo "2343"]
[Annotator "ChessBase"]
[PlyCount "69"]
[EventDate "2019.08.02"]
[EventType "swiss"]
[EventCountry "UAE"]
[SourceTitle "playchess.com"]
[Source "ChessBase"]
[SourceQuality "1"]
[TimeControl "5400+30"]

1. e4 e5 2. Nf3 Nc6 3. Bc4 Bc5 4. O-O Nf6 5. d3 O-O 6. Re1 a6 7. c3 d6 8. a4 Ba7 9. h3 h6 10. Nbd2 Be6 11. b4 Qd7 12. Rb1 Ne7 13. Bxe6 fxe6 14. b5 Ng6 15. Nc4 Rad8 16. Ba3 axb5 17. axb5 Bb8 18. d4 exd4 19. cxd4 b6 20. Qc2 Nf4 21. Rb3 Qf7 22. Nce5 dxe5 23. Nxe5 Qh5 24. Bxf8 Rxf8 25. Rf3 Nh7 26. Qc4 Ng5 27. Rg3 Qh4 28. Ree3 c5 29. bxc6 Bc7 30. Nf3 Nxf3+ 31. Rexf3 Qh5 32. e5 Qf5 33. Rxf4 Qxf4 34. Rf3 Qxf3 35. gxf3 1-0

[Event "26th Abu Dhabi Master 2019"]
[Site "Abu Dhabi"]
[Date "2019.08.04"]
[Round "4.38"]
[White "Bhambure, Shantanu"]
[Black "Shyaamnikhil P"]
[Result "0-1"]
[ECO "A41"]
[WhiteElo "2275"]
[BlackElo "2456"]
[Annotator "ChessBase"]
[PlyCount "46"]
[EventDate "2019.08.02"]
[EventType "swiss"]
[EventCountry "UAE"]
[SourceTitle "playchess.com"]
[Source "ChessBase"]
[SourceQuality "1"]
[TimeControl "5400+30"]

1. d4 d6 2. e4 Nf6 3. f3 e5 4. dxe5 dxe5 5. Qxd8+ Kxd8 6. Bc4 Ke8 7. Be3 Nbd7 8. Nd2 Bc5 9. Kf2 Ke7 10. Ne2 Bxe3+ 11. Kxe3 Rd8 12. Rhd1 Nb6 13. Bb3 g6 14. Nc4 Nxc4+ 15. Bxc4 Rxd1 16. Rxd1 Ne8 17. Nc1 Nd6 18. Bb3 a5 19. a4 Bd7 20. Nd3 f6 21. h4 Rc8 22. f4 exf4+ 23. Nxf4 c6 0-1

[Event "26th Abu Dhabi Master 2019"]
[Site "Abu Dhabi"]
[Date "2019.08.04"]
[Round "4.39"]
[White "Alavi, Sayed Javad"]
[Black "Nitish Belurkar"]
[Result "1/2-1/2"]
[ECO "E68"]
[WhiteElo "2454"]
[BlackElo "2302"]
[Annotator "ChessBase"]
[PlyCount "44"]
[EventDate "2019.08.02"]
[EventType "swiss"]
[EventCountry "UAE"]
[SourceTitle "playchess.com"]
[Source "ChessBase"]
[SourceQuality "1"]
[TimeControl "5400+30"]

1. d4 Nf6 2. c4 g6 3. Nf3 Bg7 4. g3 d6 5. Bg2 O-O 6. O-O Nbd7 7. Nc3 e5 8. e4 exd4 9. Nxd4 Re8 10. h3 Nc5 11. Re1 Bd7 12. Rb1 h6 13. b3 a5 14. Bb2 Qc8 15. Kh2 h5 16. Qd2 a4 17. b4 Ne6 18. Nf3 Qd8 19. e5 dxe5 20. Nxe5 c6 21. Rbd1 Nf8 22. Nxd7 Qxd7 1/2-1/2

[Event "26th Abu Dhabi Master 2019"]
[Site "Abu Dhabi"]
[Date "2019.08.04"]
[Round "4.40"]
[White "Vantika Agrawal"]
[Black "Gaponenko, Inna"]
[Result "1/2-1/2"]
[ECO "A62"]
[WhiteElo "2243"]
[BlackElo "2450"]
[Annotator "ChessBase"]
[PlyCount "55"]
[EventDate "2019.08.02"]
[EventType "swiss"]
[EventCountry "UAE"]
[SourceTitle "playchess.com"]
[Source "ChessBase"]
[SourceQuality "1"]
[TimeControl "5400+30"]

1. d4 Nf6 2. c4 e6 3. g3 c5 4. d5 exd5 5. cxd5 d6 6. Nc3 g6 7. Nf3 Bg7 8. Bg2 O-O 9. O-O Re8 10. Re1 a6 11. a4 Nbd7 12. Bf4 Qc7 13. h3 Ne4 14. Nxe4 Rxe4 15. Qc2 Rb4 16. Ra2 b5 17. axb5 Rxb5 18. Nd2 Ne5 19. e4 Rab8 20. b3 Qe7 21. Be3 g5 22. Ra3 Qf6 23. Qd1 g4 24. h4 Nd3 25. Rf1 Ne5 26. Re1 Nd3 27. Rf1 Ne5 28. Re1 1/2-1/2

[Event "26th Abu Dhabi Master 2019"]
[Site "Abu Dhabi"]
[Date "2019.08.04"]
[Round "4.41"]
[White "Akash Pc, Iyer"]
[Black "Kushagra Mohan"]
[Result "1-0"]
[ECO "D37"]
[WhiteElo "2441"]
[BlackElo "2250"]
[Annotator "NA"]
[PlyCount "43"]
[EventDate "2019.08.02"]
[EventType "swiss"]
[EventCountry "UAE"]
[SourceTitle "playchess.com"]
[Source "ChessBase"]
[SourceQuality "1"]
[TimeControl "5400+30"]

1. d4 Nf6 2. c4 e6 3. Nf3 d5 4. Nc3 a6 5. a4 Be7 6. e3 O-O 7. Bd3 Nbd7 8. O-O b6 9. cxd5 exd5 10. Ne5 Bb7 11. f4 c5 12. Qf3 Re8 13. Bd2 Nf8 14. Be1 cxd4 15. exd4 Ne4 16. Nxf7 Kxf7 17. Nxe4 dxe4 18. Bc4+ Ne6 19. Qh5+ Kf8 20. Bxe6 Qxd4+ 21. Kh1 g6 22. Qxh7 1-0

[Event "26th Abu Dhabi Master 2019"]
[Site "Abu Dhabi"]
[Date "2019.08.04"]
[Round "4.42"]
[White "Ajay Krishna, S."]
[Black "Socko, Monika"]
[Result "0-1"]
[ECO "A05"]
[WhiteElo "2280"]
[BlackElo "2443"]
[Annotator "NA"]
[PlyCount "106"]
[EventDate "2019.08.02"]
[EventType "swiss"]
[EventCountry "UAE"]
[SourceTitle "playchess.com"]
[Source "ChessBase"]
[SourceQuality "1"]
[TimeControl "5400+30"]

1. Nf3 Nf6 2. c4 e6 3. g3 d5 4. b3 Be7 5. Bg2 O-O 6. O-O c5 7. Bb2 Nc6 8. e3 b6 9. Nc3 Bb7 10. cxd5 exd5 11. d4 Rc8 12. Bh3 Rb8 13. Rc1 Ba6 14. Re1 c4 15. Ne5 Na5 16. bxc4 dxc4 17. a4 Bb4 18. Rf1 Qe7 19. Qc2 Bb7 20. Na2 Be4 21. Qe2 Bd6 22. Nc3 Bxe5 23. dxe5 Qxe5 24. Nxe4 Qxe4 25. Bxf6 gxf6 26. Qh5 Qg6 27. Qb5 Rfd8 28. Rfd1 Qg5 29. Bf5 Qh5 30. Rd7 Qf3 31. Rcd1 Qxd1+ 32. Rxd1 Rxd1+ 33. Kg2 Rbd8 34. Be4 Kf8 35. Qf5 Ke7 36. Qxh7 c3 37. Bc2 R1d2 38. Qe4+ Kd7 39. h4 Nc6 40. h5 Ne7 41. h6 f5 42. Qb7+ Kd6 43. Qa6 Nd5 44. Bb3 Nxe3+ 45. Kh3 Rh8 46. Kh4 Rxh6+ 47. Kg5 Rg6+ 48. Kf4 Ng2+ 49. Kf3 c2 50. Bxc2 Ne1+ 51. Ke3 Rxc2 52. Qxa7 Re6+ 53. Kf4 Rxf2+ 0-1

[Event "26th Abu Dhabi Master 2019"]
[Site "Abu Dhabi"]
[Date "2019.08.04"]
[Round "4.43"]
[White "Siva Mahadevan"]
[Black "Aditya Mittal"]
[Result "0-1"]
[ECO "B94"]
[WhiteElo "2270"]
[BlackElo "2429"]
[Annotator "NA"]
[PlyCount "102"]
[EventDate "2019.08.02"]
[EventType "swiss"]
[EventCountry "UAE"]
[SourceTitle "playchess.com"]
[Source "ChessBase"]
[SourceQuality "1"]
[TimeControl "5400+30"]

1. e4 c5 2. Nf3 d6 3. d4 cxd4 4. Nxd4 Nf6 5. Nc3 a6 6. Bg5 Nbd7 7. Bc4 h6 8. Bh4 e6 9. Qe2 Ne5 10. Bb3 g5 11. Bg3 Qc7 12. O-O-O Bd7 13. Rhf1 Be7 14. f4 gxf4 15. Rxf4 b5 16. a3 Qb6 17. Bh4 Ng6 18. Rxf6 Nxh4 19. Qf2 Bxf6 20. Qxf6 Ng6 21. Nf5 Rh7 22. Nxd6+ Kf8 23. Kb1 Qc5 24. Nxf7 Rxf7 25. Qxg6 Qg5 26. Qxg5 hxg5 27. Ne2 Ke7 28. Nd4 Rf2 29. Rg1 g4 30. h4 e5 31. Nf5+ Bxf5 32. exf5 Rxf5 33. Re1 Rd8 34. Re2 Kf6 35. c3 Rh8 36. Rd2 Rxh4 37. Rd6+ Kg5 38. Rxa6 Rh6 39. Ra8 Rf2 40. Re8 Kf4 41. g3+ Kxg3 42. Rxe5 Rh1+ 43. Ka2 Rhh2 44. Rxb5 Rxb2+ 45. Ka1 Rbd2 46. Be6 Rd1+ 47. Rb1 Rxb1+ 48. Kxb1 Kf4 49. a4 g3 50. Bd5 g2 51. Bxg2 Rxg2 0-1

[Event "26th Abu Dhabi Master 2019"]
[Site "Abu Dhabi"]
[Date "2019.08.04"]
[Round "4.44"]
[White "Suleymanli, Aydin"]
[Black "Deshpande, Aniruddha"]
[Result "1-0"]
[ECO "E76"]
[WhiteElo "2416"]
[BlackElo "2234"]
[Annotator "NA"]
[PlyCount "43"]
[EventDate "2019.08.02"]
[EventType "swiss"]
[EventCountry "UAE"]
[SourceTitle "playchess.com"]
[Source "ChessBase"]
[SourceQuality "1"]
[TimeControl "5400+30"]

1. c4 Nf6 2. Nc3 g6 3. d4 Bg7 4. e4 d6 5. f4 O-O 6. Nf3 Na6 7. e5 Ng4 8. h3 Nh6 9. Bd3 dxe5 10. fxe5 Nf5 11. Ne2 c5 12. d5 b5 13. a3 Nd4 14. Nexd4 cxd4 15. O-O Nc5 16. Bg5 f6 17. exf6 exf6 18. Bh4 Ba6 19. Nxd4 bxc4 20. Nc6 Qb6 21. Bf2 Qxb2 22. Bd4 1-0

[Event "26th Abu Dhabi Master 2019"]
[Site "Abu Dhabi"]
[Date "2019.08.04"]
[Round "4.45"]
[White "Sankalp Gupta"]
[Black "Tashkhodzhaev, Akram"]
[Result "1/2-1/2"]
[ECO "A43"]
[WhiteElo "2416"]
[BlackElo "2123"]
[Annotator "NA"]
[PlyCount "45"]
[EventDate "2019.08.02"]
[EventType "swiss"]
[EventCountry "UAE"]
[SourceTitle "playchess.com"]
[Source "ChessBase"]
[SourceQuality "1"]
[TimeControl "5400+30"]

1. d4 Nf6 2. Nf3 c5 3. d5 g6 4. Nc3 Bg7 5. e4 d6 6. h3 O-O 7. a4 b6 8. Bf4 Na6 9. Bc4 Nc7 10. O-O a6 11. e5 Nfe8 12. Re1 Bd7 13. Qe2 Qc8 14. Bg5 f6 15. exf6 exf6 16. Bf4 Rf7 17. Nd2 Rb8 18. Qf3 b5 19. Bf1 Bf8 20. Nd1 Qb7 21. axb5 axb5 22. Ne3 Ra8 23. Rab1 1/2-1/2

[Event "26th Abu Dhabi Master 2019"]
[Site "Abu Dhabi"]
[Date "2019.08.04"]
[Round "4.46"]
[White "Panda Sambit"]
[Black "Vaishali R"]
[Result "1/2-1/2"]
[ECO "A47"]
[WhiteElo "2126"]
[BlackElo "2344"]
[Annotator "NA"]
[PlyCount "67"]
[EventDate "2019.08.02"]
[EventType "swiss"]
[EventCountry "UAE"]
[SourceTitle "playchess.com"]
[Source "ChessBase"]
[SourceQuality "1"]
[TimeControl "5400+30"]

1. d4 Nf6 2. Nf3 b6 3. g3 Bb7 4. Bg2 c5 5. c4 cxd4 6. Qxd4 Nc6 7. Qd1 g6 8. b3 Bg7 9. Bb2 O-O 10. O-O d5 11. cxd5 Nb4 12. d6 Rc8 13. a3 Nbd5 14. Nbd2 exd6 15. Rc1 Re8 16. Re1 b5 17. b4 Nb6 18. Rxc8 Bxc8 19. Nd4 Na4 20. Ba1 a6 21. Qb3 Qb6 22. Rc1 Bb7 23. Bxb7 Qxb7 24. Qf3 d5 25. Qf4 Rc8 26. N2b3 Ne4 27. Na5 Rxc1+ 28. Qxc1 Qd7 29. Qc6 Qxc6 30. Naxc6 Nec3 31. Bxc3 Nxc3 32. e3 Nb1 33. Nc2 Bb2 34. Nb8 1/2-1/2

[Event "26th Abu Dhabi Master 2019"]
[Site "Abu Dhabi"]
[Date "2019.08.04"]
[Round "4.47"]
[White "Salonika, Saina"]
[Black "Agmanov, Zhandos"]
[Result "0-1"]
[ECO "C12"]
[WhiteElo "2127"]
[BlackElo "2402"]
[Annotator "NA"]
[PlyCount "73"]
[EventDate "2019.08.02"]
[EventType "swiss"]
[EventCountry "UAE"]
[SourceTitle "playchess.com"]
[Source "ChessBase"]
[SourceQuality "1"]
[TimeControl "5400+30"]

1. e4 e6 2. d4 d5 3. Nc3 Nf6 4. Bg5 Bb4 5. e5 h6 6. Be3 Ne4 7. Nge2 c5 8. a3 Ba5 9. dxc5 Nc6 10. b4 Nxc3 11. Nxc3 Bc7 12. Bb5 Bxe5 13. Bd4 Qf6 14. Ne2 O-O 15. Bxc6 bxc6 16. Bxe5 Qxe5 17. O-O Qf6 18. f4 Ba6 19. Qd2 Bc4 20. Rab1 a5 21. Rfe1 axb4 22. axb4 Bxe2 23. Rxe2 Ra2 24. g3 Rfa8 25. Rb3 Qf5 26. Kg2 h5 27. h4 g6 28. Qe3 R8a4 29. Qd2 Kh7 30. Qc3 Kg8 31. Qd2 Kh7 32. Qc3 Ra1 33. Qe5 Qg4 34. Rbe3 Rc1 35. Qf6 Ra7 36. b5 Kg8 37. bxc6 0-1

[Event "26th Abu Dhabi Master 2019"]
[Site "Abu Dhabi"]
[Date "2019.08.04"]
[Round "4.48"]
[White "Ashraf, Artin"]
[Black "Manush Shah"]
[Result "1/2-1/2"]
[ECO "D35"]
[WhiteElo "2141"]
[BlackElo "2373"]
[Annotator "NA"]
[PlyCount "41"]
[EventDate "2019.08.02"]
[EventType "swiss"]
[EventCountry "UAE"]
[SourceTitle "playchess.com"]
[Source "ChessBase"]
[SourceQuality "1"]
[TimeControl "5400+30"]

1. d4 d5 2. c4 e6 3. Nc3 Nf6 4. cxd5 exd5 5. Bg5 Nbd7 6. e3 c6 7. Qc2 Bd6 8. Bd3 h6 9. Bh4 O-O 10. Nf3 Re8 11. O-O Nf8 12. Bg3 Bxg3 13. hxg3 Qe7 14. Rab1 Bg4 15. b4 N8d7 16. Nd2 Rac8 17. Rfc1 Qd6 18. a4 Bh5 19. Nf1 Nf8 20. Bf5 Bg6 21. Nd2 1/2-1/2

[Event "26th Abu Dhabi Master 2019"]
[Site "Abu Dhabi"]
[Date "2019.08.04"]
[Round "4.49"]
[White "Kulkarni, Rakesh"]
[Black "Mahalakshmi, M."]
[Result "0-1"]
[ECO "B10"]
[WhiteElo "2360"]
[BlackElo "2173"]
[Annotator "NA"]
[PlyCount "42"]
[EventDate "2019.08.02"]
[EventType "swiss"]
[EventCountry "UAE"]
[SourceTitle "playchess.com"]
[Source "ChessBase"]
[SourceQuality "1"]
[TimeControl "5400+30"]

1. e4 c6 2. c4 d5 3. exd5 cxd5 4. cxd5 Nf6 5. Nf3 Nxd5 6. Bc4 e6 7. O-O Be7 8. d4 O-O 9. Qe2 b6 10. Nc3 Nxc3 11. bxc3 Bb7 12. Bd3 Nd7 13. c4 Nf6 14. Bb2 Qc7 15. Rac1 Rac8 16. Rfd1 Rfe8 17. Ne5 Qb8 18. g4 g6 19. f4 Ba8 20. h3 Qb7 21. Kh2 Bd6 0-1

[Event "26th Abu Dhabi Master 2019"]
[Site "Abu Dhabi"]
[Date "2019.08.04"]
[Round "4.50"]
[White "Venkatesh, M.R."]
[Black "Soham Kamotra"]
[Result "1-0"]
[ECO "B15"]
[WhiteElo "2480"]
[BlackElo "2136"]
[Annotator "ChessBase"]
[PlyCount "36"]
[EventDate "2019.08.02"]
[EventType "swiss"]
[EventCountry "UAE"]
[SourceTitle "playchess.com"]
[Source "ChessBase"]
[SourceQuality "1"]
[TimeControl "5400+30"]

1. e4 c6 2. d4 d5 3. Nc3 g6 4. h3 Bg7 5. Nf3 Nh6 6. Bd3 O-O 7. Bf4 f6 8. O-O Nf7 9. Bh2 e6 10. Qe2 Nd7 11. Rfe1 b6 12. b4 Bb7 13. Ba6 Bxa6 14. Qxa6 Qc8 15. Qd3 Rd8 16. exd5 cxd5 17. Nb5 e5 18. Qb3 Qb7 1-0

[Event "26th Abu Dhabi Master 2019"]
[Site "Abu Dhabi"]
[Date "2019.08.04"]
[Round "4.51"]
[White "Paramzina, Anastasya"]
[Black "Sammed Jaykumar, Shete"]
[Result "0-1"]
[ECO "B20"]
[WhiteElo "2300"]
[BlackElo "2416"]
[Annotator "NA"]
[PlyCount "106"]
[EventDate "2019.08.02"]
[EventType "swiss"]
[EventCountry "UAE"]
[SourceTitle "playchess.com"]
[Source "ChessBase"]
[SourceQuality "1"]
[TimeControl "5400+30"]

1. e4 c5 2. b3 Nc6 3. Bb2 e5 4. Bc4 d6 5. Ne2 Nf6 6. d3 g6 7. O-O Bg7 8. Nbc3 O-O 9. a4 a6 10. h3 Be6 11. Bxe6 fxe6 12. Ng3 Nd4 13. Nce2 b5 14. c3 Nxe2+ 15. Qxe2 Qb6 16. c4 bxc4 17. bxc4 Rab8 18. Bc1 Qc6 19. Bg5 Rb4 20. a5 Qb7 21. Qe3 Rb2 22. Bh6 Qb3 23. Bxg7 Kxg7 24. Rfc1 h6 25. Ne2 g5 26. Ng3 Ng8 27. Rf1 Ne7 28. Rad1 Nc6 29. Rd2 Nxa5 30. Qe2 Rxd2 31. Qxd2 Nc6 32. h4 gxh4 33. Nh5+ Kh7 34. Qe2 Nd4 35. Qg4 Rf7 36. Ra1 Qb2 37. Rf1 Qe2 38. Qxh4 Qxd3 39. Qd8 Qe2 40. Ng3 Qg4 41. Qxd6 Qf4 42. Qxc5 h5 43. Kh1 h4 44. Nh5 Qg5 45. Rd1 Rxf2 46. Qc7+ Kh6 47. Rg1 Qxh5 48. Qe7 Qg5 49. Qe8 Qf6 50. c5 h3 51. Qg8 hxg2+ 52. Rxg2 Qh4+ 53. Kg1 Nf3# 0-1

[Event "26th Abu Dhabi Master 2019"]
[Site "Abu Dhabi"]
[Date "2019.08.04"]
[Round "4.52"]
[White "Mendonca, Leon Luke"]
[Black "Utsab Chatterjee"]
[Result "1/2-1/2"]
[ECO "D02"]
[WhiteElo "2401"]
[BlackElo "2150"]
[Annotator "NA"]
[PlyCount "137"]
[EventDate "2019.08.02"]
[EventType "swiss"]
[EventCountry "UAE"]
[SourceTitle "playchess.com"]
[Source "ChessBase"]
[SourceQuality "1"]
[TimeControl "5400+30"]

1. d4 d5 2. Nf3 Nf6 3. Bf4 c5 4. e3 Nc6 5. c3 Qb6 6. Qb3 c4 7. Qc2 Bf5 8. Qc1 h6 9. Nbd2 Qd8 10. Be2 e6 11. O-O b5 12. Bd1 Bd6 13. Bxd6 Qxd6 14. Bc2 O-O 15. Re1 Ne4 16. Nxe4 Bxe4 17. Bxe4 dxe4 18. Nd2 f5 19. b3 cxb3 20. axb3 e5 21. Ra6 Qd7 22. b4 exd4 23. exd4 Rae8 24. Nb3 Rf6 25. Nc5 Qd8 26. Qc2 Rg6 27. Qe2 Qg5 28. g3 e3 29. f4 Qd8 30. Qf3 Qc8 31. Rxe3 Rd8 32. Ra1 a5 33. d5 Nb8 34. Rxa5 Nd7 35. Rxb5 Nb6 36. Ne6 Rd6 37. Rc5 Qa8 38. Rd3 Qa6 39. Nc7 Qa2 40. b5 Rd7 41. Rd1 Qa7 42. Rc6 Rxc6 43. dxc6 Rxc7 44. Qe3 Re7 45. Qc5 Rf7 46. Kg2 Kh7 47. Kh3 Qa2 48. Qd4 Qe2 49. Qd3 Qh5+ 50. Kg2 Re7 51. Rd2 Re4 52. Rf2 Qe8 53. h3 Nc4 54. Kh2 Nb6 55. g4 Qe6 56. gxf5 Qxf5 57. c7 Re5 58. Qxf5+ Rxf5 59. Rd2 Rxb5 60. Rd6 Rc5 61. Rxb6 Rxc3 62. Rb7 Kg6 63. Kg2 Kf5 64. c8=Q+ Rxc8 65. Rxg7 Kxf4 66. Rf7+ Kg5 67. Rg7+ Kf6 68. Ra7 Rc6 69. Kg3 1/2-1/2

[Event "26th Abu Dhabi Master 2019"]
[Site "Abu Dhabi"]
[Date "2019.08.04"]
[Round "4.53"]
[White "Pranav Anand"]
[Black "Mahdian, Anousha"]
[Result "1/2-1/2"]
[ECO "D12"]
[WhiteElo "2347"]
[BlackElo "2118"]
[Annotator "NA"]
[PlyCount "119"]
[EventDate "2019.08.02"]
[EventType "swiss"]
[EventCountry "UAE"]
[SourceTitle "playchess.com"]
[Source "ChessBase"]
[SourceQuality "1"]
[TimeControl "5400+30"]

1. d4 d5 2. c4 c6 3. Nf3 Nf6 4. e3 Bf5 5. Nc3 a6 6. Ne5 Nbd7 7. Qb3 Qc7 8. cxd5 Nxe5 9. dxe5 Nxd5 10. Nxd5 cxd5 11. Bd2 e6 12. Rc1 Qd7 13. Ba5 Rc8 14. Rxc8+ Qxc8 15. Kd2 Be7 16. Be2 O-O 17. Rc1 Qa8 18. Qc3 h6 19. a3 f6 20. Bb4 d4 21. exd4 Bxb4 22. axb4 fxe5 23. dxe5 Qd8+ 24. Ke1 Qh4 25. Bf3 Qxh2 26. Qd4 Bg4 27. Qxg4 Qg1+ 28. Kd2 Rd8+ 29. Kc2 Rc8+ 30. Kb3 Qxc1 31. Qxe6+ Kh8 32. Bxb7 Qd1+ 33. Ka3 Qa1+ 34. Qa2 Qxa2+ 35. Kxa2 Rb8 36. Bxa6 Rxb4 37. Ka3 Re4 38. b4 Rxe5 39. Bc4 Rf5 40. f3 Rg5 41. g4 h5 42. gxh5 Rf5 43. Be2 Re5 44. Bd1 Rxh5 45. Ka4 Rd5 46. Bc2 g5 47. Be4 Re5 48. Bc6 Rf5 49. b5 g4 50. fxg4 Rf4+ 51. Ka5 Rxg4 52. b6 Rg7 53. Kb5 Kg8 54. Kc5 Kf8 55. Kd6 Rh7 56. Bd7 Rh6+ 57. Be6 Rh2 58. b7 Rb2 59. Kc7 Rxb7+ 60. Kxb7 1/2-1/2

[Event "26th Abu Dhabi Master 2019"]
[Site "Abu Dhabi"]
[Date "2019.08.04"]
[Round "4.54"]
[White "Tabada, Jobannie C."]
[Black "Nandhidhaa, P V"]
[Result "0-1"]
[ECO "B48"]
[WhiteElo "2216"]
[BlackElo "2259"]
[Annotator "NA"]
[PlyCount "46"]
[EventDate "2019.08.02"]
[EventType "swiss"]
[EventCountry "UAE"]
[SourceTitle "playchess.com"]
[Source "ChessBase"]
[SourceQuality "1"]
[TimeControl "5400+30"]

1. e4 c5 2. Nf3 e6 3. d4 cxd4 4. Nxd4 Nc6 5. Nc3 Qc7 6. Be3 Nf6 7. Bd3 a6 8. O-O Be7 9. Nb3 b5 10. f4 d6 11. Qf3 Bb7 12. a4 b4 13. Ne2 O-O 14. Qh3 e5 15. Ng3 exf4 16. Rxf4 Ne5 17. Nd4 Ng6 18. Ndf5 d5 19. e5 Qxe5 20. Raf1 Bc8 21. Nh5 Nxh5 22. Qxh5 Bxf5 23. Bxf5 Qxe3+ 0-1